 Dungeon Crawl Stone Soup version 0.18-a0-867-gfd1cc8f (webtiles) character file.

11 Raultor the Insei (level 2, 26/26 HPs)
             Began as a Draconian Monk on Dec 21, 2015.
             Quit the game on level 1 of the Dungeon.
             The game lasted 00:00:27 (151 turns).

Raultor the Insei (Draconian Monk)                   Turns: 151, Time: 00:00:28

Health: 26/26      AC:  4    Str: 13    XL:     2   Next: 17%
Magic:  2/2        EV: 13    Int: 10    God:
Gold:   10         SH:  0    Dex: 13    Spells: 0 memorised, 1 level left

rFire  . . .     SeeInvis .       - Unarmed
rCold  . . .     Gourm    .     (armour unavailable)
rNeg   . . .     Faith    .     (no shield)
rPois  .         Spirit   .     (helmet restricted)
rElec  .         Dismiss  .     (no cloak)
rCorr  .         Reflect  .     (no gloves)
SustAt .         Harm     .     (no boots)
MR     .....                    f - amulet of inaccuracy (curse)
Stlth  ++........               (no ring)
                                (no ring)

@: not resistant to hostile enchantments, unstealthy
A: unfitting armour, cold-blooded, AC +4
a: no special abilities


You were on level 1 of the Dungeon.
You were not hungry.

You visited 1 branch of the dungeon, and saw 1 of its levels.

You collected 10 gold pieces.

Inventory:

Jewellery
 f - a cursed amulet of inaccuracy (around neck)
   (You found it on level 1 of the Dungeon)
Scrolls
 d - a scroll of immolation {unknown}
Potions
 c - a potion of curing {unknown}
 e - a potion of mutation {unknown}
Comestibles
 a - a bread ration {@e1}
 b - a chunk of flesh {@w0}


   Skills:
 + Level 3.4 Fighting
 + Level 2.8 Dodging
 - Level 1.7 Stealth
 * Level 4.3 Unarmed Combat


You had one spell level left.
You didn't know any spells.

Dungeon Overview and Level Annotations

Branches:
Dungeon (1/15)

Altars:


Innate Abilities, Weirdness & Mutations

Your plain brown scales are hard (AC +4).
Your body does not fit into most forms of armour.
You are cold-blooded and may be slowed by cold attacks.


Message History

Welcome, Raultor the Draconian Monk.
The bosom of this dungeon contains the fabled artefact, the Orb of Zot.
Found a hunting sling.
Found a staircase leading out of the dungeon.
You see here a hunting sling.
You see here a ring mail.
There is a staircase leading out of the dungeon here.
You open the door.
There is an open door here.
Found a stone staircase leading down.
A kobold comes into view. It is wielding a short sword.
Found a stone staircase leading down.
The kobold shouts!
A giant newt comes into view.
You see here 10 gold pieces.
The kobold barely misses you.
You completely miss the kobold. You hit the kobold.
You kill the kobold!
The giant newt barely misses you.
You barely miss the giant newt. The giant newt closely misses you.
You punch the giant newt!
You kill the giant newt!
No target in view!
You see here a giant newt corpse.
You butcher the giant newt corpse.
b - a chunk of flesh {@w0} You now have 10 gold pieces.
There is a stone staircase leading down here.
An ooze and a kobold come into view.
A hobgoblin comes into view.
The kobold shouts!
The hobgoblin shouts!
The kobold barely misses you.
The ooze quivers.
You hit the kobold.
You kill the kobold!
The ooze barely misses you.
Things that are here:
a dagger; a kobold corpse You hit the ooze.
The ooze hits you but does no damage.
You hit the ooze.
You tail-slap the ooze, but do no damage.
The ooze misses you.
You hit the ooze. The ooze completely misses you.
You hit the ooze.
You kill the ooze!
You have reached level 2!
Health restored: 26; MP restored: 2 You closely miss the hobgoblin.
The hobgoblin closely misses you.
You hit the hobgoblin but do no damage. You tail-slap the hobgoblin.
The hobgoblin closely misses you.
You closely miss the hobgoblin. You hit the hobgoblin.
You kill the hobgoblin!
No target in view!
c - a glowing yellow potion A kobold comes into view.
It is wielding a short sword.
The kobold shouts!
The kobold barely misses you.
You hit the kobold.
Your tail-slap misses the kobold.
You hit the kobold.
You kill the kobold!
No target in view!
You see here a short sword.
d - a scroll labeled PIC LOFOMUT A ball python comes into view.
The ball python closely misses you. The ball python grabs you.
The ball python constricts you.
The ball python bites you but does no damage.
The ball python constricts you.
You see here a smoky inky potion.
You hit the ball python.
You kill the ball python!
No target in view!
No target in view!
e - a smoky inky potion
f - a thick lapis lazuli amulet Put on which piece of jewellery? (? for menu, Esc to quit)
Oops, that amulet feels deathly cold.
f - a cursed amulet of inaccuracy (around neck)

##...####...#.
##..### #)..#.
#..## #####.
####.## ### #.
#)....####.....
#.......†..#
#.....######
#...@.# #######


There were no monsters in sight!

Vanquished Creatures
  An ooze (D:1)
  A ball python (D:1)
  A hobgoblin (D:1)
  3 kobolds (D:1)
  A giant newt (D:1)
7 creatures vanquished.

Notes
Turn   | Place    | Note
--------------------------------------------------------------
     0 | D:1      | Raultor the Draconian Monk began the quest for the Orb.
     0 | D:1      | Reached XP level 1. HP: 19/19 MP: 1/1
    94 | D:1      | Reached XP level 2. HP: 26/26 MP: 2/2
   151 | D:1      | Quit the game

Vault maps used:
D:1:      minmay_arrival_nine_rooms

Action                   || total
-------------------------++-------
Melee: Unarmed           ||    16

Vault maps used:
D:1:      minmay_arrival_nine_rooms

Table legend:
 A = Turns spent in this place as a percentage of turns spent in the entire game.
 B = Non-inter-level travel turns spent in this place as a percentage of non-inter-level travel turns spent in the entire game.
 C = Inter-level travel turns spent in this place as a percentage of turns spent in this place.
 D = Turns resting spent in this place as a percentage of non-inter-level travel turns spent in this place.
 E = Turns spent auto-exploring this place as a percentage of non-inter-level travel turns spent in this place.
 F = Non-inter-level travel turns spent in this place divided by the number of levels of this place that you've seen.
                   A       B       C       D       E      F
               +-------+-------+-------+-------+-------+----------------------
         Total | 100.0 | 100.0 |   0.0 |   0.0 |  19.1 |  47.0
       Dungeon | 100.0 | 100.0 |   0.0 |   0.0 |  19.1 |  47.0
               +-------+-------+-------+-------+-------+----------------------

Table legend:
 A = Kills in this place as a percentage of kills in entire the game.
 B = Kills by you in this place as a percentage of kills by you in the entire game.
 C = Kills by friends in this place as a percentage of kills by friends in the entire game.
 D = Other kills in this place as a percentage of other kills in the entire game.
 E = Experience gained in this place as a percentage of experience gained in the entire game.
 F = Experience gained in this place divided by the number of levels of this place that you have seen.
                   A       B       C       D       E      F
               +-------+-------+-------+-------+-------+----------------------
         Total | 100.0 | 100.0 |  -nan |  -nan | 100.0 |  17.0
       Dungeon | 100.0 | 100.0 |  -nan |  -nan | 100.0 |  17.0
               +-------+-------+-------+-------+-------+----------------------
